 Dungeon Crawl Stone Soup version 0.31-a0-516-gfcb59812bd (webtiles) character file.

Game seed: 453908343791043492

643 Ethylacetat the Sneak (level 7, -2/47 HPs)
             Began as an Octopode Gladiator on Aug 10, 2023.
             Was an Initiate of Gozag.
             Hit by a stone thrown by a gnoll sergeant (7 damage)
             ... on level 5 of the Dungeon.
             The game lasted 00:05:28 (4114 turns).

Ethylacetat the Sneak (Octopode Gladiator)          Turns: 4114, Time: 00:05:28

Health: -2/47      AC:  1    Str: 14    XL:     7   Next: 51%
Magic:  7/7        EV: 15    Int: 10    God:    Gozag
Gold:   389        SH:  0    Dex: 15    Spells: 6/6 levels left

rFire   . . .        v - +4 sling
rCold   . . .        (no shield)
rNeg    . . .        b - melded +0 hat
rPois   .            (no amulet)
rElec   .            (no ring)
rCorr   .            (no ring)
SInv    .            (no ring)
Will    .....        (no ring)
Stlth   ++++         (no ring)
HPRegen 0.27/turn    (no ring)
MPRegen 0.10/turn    (no ring)
                     (no ring)

%: no passive effects
@: beast-form, gold aura
A: beast (slay +2), almost no armour, amphibious, 8 rings, camouflage 1,
gelatinous body 1, (nimble swimmer 1), tentacles
a: Begin Untransformation, Renounce Religion, Potion Petition, Call Merchant,
Bribe Branch


You were on level 5 of the Dungeon.
You worshipped Gozag.
Gozag was aware of your devotion.
You were a hulking beast.
You visited 2 branches of the dungeon, and saw 6 of its levels.

You collected 489 gold pieces.
You paid 100 gold pieces to Gozag.

Inventory:

Hand Weapons
 l - a +3 spear
 o - a +3 dagger of venom
 v - a +4 sling (weapon)
Missiles
 c - 3 throwing nets
 d - a javelin
Armour
 b - a +0 hat (melded)
Talismans
 i - a beast talisman (active)
Wands
 t - a wand of flame (16)
Scrolls
 f - 2 scrolls of teleportation {unknown}
 h - a scroll of fear {unknown}
 k - a scroll of poison {unknown}
 p - 2 scrolls of identify {unknown}
 q - a scroll of noise {unknown}
 u - 2 scrolls of revelation {unknown}
Potions
 a - a potion of invisibility {unknown}
 e - a potion of brilliance {unknown}
 g - 2 potions of curing
 j - a potion of mutation {unknown}
 m - 3 potions of attraction {unknown}
 n - 3 potions of enlightenment {unknown}
 r - 4 potions of lignification {unknown}
 s - a potion of heal wounds {unknown}


   Skills:
 + Level 3.9 Fighting
 - Level 3.1 Long Blades
 + Level 1.6 Ranged Weapons
 - Level 2.0 Throwing
 + Level 4.6 Dodging
 + Level 4.6 Stealth
 * Level 3.5 Shapeshifting


You had 6 spell levels left.
You didn't know any spells.
Your spell library contained the following spells:

 Spells                   Type           Power      Damage    Failure   Level
 Apportation              Tloc           0%         N/A       36%         1
 Necrotise                Necr           0%         1d4       36%         1
 Summon Small Mammal      Summ           0%         N/A       36%         1
 Cigotuvi's Dreadful Rot  Necr/Pois/Air  0%         N/A       50%         2
 Dispel Undead            Necr           0%         3d6       98%         4
 Death Channel            Necr           0%         N/A       100%        6


Dungeon Overview and Level Annotations

Branches:
Dungeon (5/15)             Temple (1/1) D:4

Altars:
Cheibriados
Dithmenos
Elyvilon
Fedhas
Gozag
Hepliaklqana
Makhleb
Nemelex Xobeh
Okawaru
Qazlal
Ru
Sif Muna
Trog
Uskayaw
Vehumet
Yredelemnul
Zin
The Shining One

Shops:
D:4 (


Innate Abilities, Weirdness & Mutations

You are a hulking beast.
Your limbs bulge with bestial killing power. (Slay +2)
You cannot wear most types of armour.
You are amphibious.
You can wear up to eight rings at the same time.
Your skin changes colour to match your surroundings (Stealth+).
Your rubbery body absorbs attacks. (AC +1, EV +1)
((You are camouflaged when in or above water. (Stealth+)))
You have tentacles for arms and can constrict up to eight enemies at once.


Message History

You shoot a sling bullet. The sling bullet hits the gnoll.
The gnoll is almost dead.
The gnoll misses you. The gnoll hits you with a +0 flail.
You shoot a sling bullet.
The sling bullet barely misses the gnoll.
The gnoll hits you with a +0 whip. The gnoll hits you with a +0 flail.
Okay, then.
Your +3 dagger of venom begins to drip with poison!
o - a +3 dagger of venom (weapon)
The gnoll hits you with a +0 whip.
A gnoll sergeant comes into view. It is wielding a +0 trident.
You hit the gnoll.
You kill the gnoll!
You hit the gnoll.
The gnoll is poisoned.
You grab the gnoll.
The gnoll is severely wounded.
You constrict the gnoll.
You kill the gnoll!
The gnoll sergeant throws a stone.
The stone closely misses you.
Your +3 dagger of venom stops dripping with poison.
v - a +4 sling (weapon)
Fire: v) +4 sling
Press: ? - help, Q - select action, (/) - cycle Shift-Dir - straight line, f - gnoll sergeant
Aim: a gnoll sergeant, wielding a +0 trident, wearing a +0 ring mail and quivering stones (72% to hit)
You shoot a sling bullet.
The sling bullet closely misses the gnoll sergeant.
The gnoll sergeant hits you from afar with a +0 trident!
* * * LOW HITPOINT WARNING * * *
A gnoll comes into view. It is wielding a +0 whip.
Okay, then.
The gnoll sergeant throws a stone.
The stone hits you.
* * * LOW HITPOINT WARNING * * *
Found a scroll labelled LEDGHA UMITHRA.
The gnoll sergeant throws a stone.
The stone barely misses you.
The gnoll sergeant throws a stone.
The stone completely misses you.
Found a stone staircase leading up.
Found an escape hatch in the floor.
The gnoll sergeant throws a stone.
The stone barely misses you.
The gnoll sergeant throws a stone.
The stone hits you!
You die...
Your body crumbles into a pile of gold.

#..#####g# ##.#
#..# #g# ##...
.g... #.########
#.... #.....>
#......... ###...
#.#...#.##..######.
#.....
#.#.........#####
#.##.#
..##.##.....?...# #
##.# #####.###.# #
#..# #h# #.#.##
#........ #.#.##
#####.### #.....
###.#. ####...
....... ######. #.
#.


You could see a gnoll sergeant.

Vanquished Creatures
  A scorpion (D:5)
  A jelly (D:4)
  2 hounds (D:4)
  A gnoll bouda (D:4)
  A sleepcap (D:4)
  Jessica (D:2)
  An iguana (D:4)
  2 orc wizards
  Natasha (thrice) (D:3)
  9 gnolls
  6 adders
  5 worms
  2 dart slugs
  13 orcs
  7 endoplasms
  5 giant cockroaches
  5 goblins
  9 hobgoblins
  4 jackals (D:3)
  2 quokkas (D:4)
  7 ball pythons
  4 bats
  4 frilled lizards
  5 kobolds
  4 rats (D:1)
104 creatures vanquished.

Notes
Turn   | Place    | Note
-------+----------+-------------------------------------------
     0 | D:1      | Ethylacetat the Octopode Gladiator began the quest for the
                  | Orb.
     0 | D:1      | Reached XP level 1. HP: 14/14 MP: 1/1
   330 | D:1      | Reached skill level 1 in Stealth
   330 | D:1      | Reached XP level 2. HP: 14/19 MP: 2/2
   571 | D:1      | Found a faded altar of an unknown god.
   986 | D:2      | Reached XP level 3. HP: 18/25 MP: 3/3
  1104 | D:2      | Noticed Jessica
  1114 | D:2      | Killed Jessica
  1115 | D:2      | Reached skill level 1 in Shapeshifting
  1115 | D:2      | Reached XP level 4. HP: 15/30 MP: 4/4
  1895 | D:3      | Reached XP level 5. HP: 7/36 MP: 5/5
  2063 | D:3      | Noticed Natasha
  2067 | D:3      | Killed Natasha
  2483 | D:3      | Noticed Natasha
  2487 | D:3      | Killed Natasha
  2488 | D:3      | Reached XP level 6. HP: 34/42 MP: 6/6
  2658 | D:3      | Noticed Natasha
  2660 | D:3      | Killed Natasha
  2822 | D:4      | Found Impast's Antique Weapon Boutique.
  3083 | D:4      | Reached skill level 1 in Ranged Weapons
  3083 | D:4      | Reached XP level 7. HP: 33/46 MP: 7/7
  3149 | D:4      | Found a staircase to the Ecumenical Temple.
  3165 | Temple   | Entered the Ecumenical Temple
  3198 | Temple   | Became a worshipper of Gozag Ym Sagoz the Greedy
  3587 | D:5      | Entered Level 5 of the Dungeon
  4104 | D:5      | HP: 2/47 [gnoll sergeant/stone (5)]
  4114 | D:5      | Hit by a stone thrown by a gnoll sergeant

Illustrated notes

Levels and vault maps discovered:
D:1:      pf_arrival_petrified_forest, layout_basic,
          hellmonk_ecumenical_altar_zigzags, minmay_octomino_j4
D:2:      layout_loops_corners, uniq_jessica
D:3:      layout_loops_ring, uniq_natasha
D:4:      layout_loops_cross, minmay_temple_entry_tees, serial_shops,
          nicolae_shop_behind_doors, hangedman_decor_opposing
D:5:      layout_loops_corners, serial_shops, shop, uniq_duvessa
Temple:   dpeg_five_rooms_temple

Skill      XL: |  1  2  3  4  5  6 |
---------------+-------------------+-----
Stealth        | 1 2 3 4 |  4.6
Shapeshifting  | 1 2 3 |  3.5
Fighting       | 3 |  3.9
Dodging        | 4 |  4.6
Ranged Weapons | 1 |  1.6
Long Blades    | |  3.1
Throwing       | |  2.0

Action                     |  1- 3 |  4- 6 |  7- 9 || total
---------------------------+-------+-------+-------++-------
  Melee: Long sword        |    27 |       |       ||    27
         Constrict         |    18 |    19 |     2 ||    39
         Spear             |    21 |       |       ||    21
         Tentacles         |     8 |    20 |     1 ||    29
         Punch             |     2 |     2 |       ||     4
         Dagger            |       |    80 |     5 ||    85
   Fire: Sling             |       |    48 |    63 ||   111
    Use: Potion            |       |       |     1 ||     1
   Stab: Sleeping          |     9 |     7 |     1 ||    17
         Distracted        |       |     1 |       ||     1
 Armour: Skin              |     2 |     6 |       ||     8
  Dodge: Dodged            |    21 |    44 |    11 ||    76
   Form: Beast             |     1 |       |       ||     1

Table legend: (Time is in decaauts)
 A = Elapsed time spent in this place.
 B = Non-inter-level travel time spent in this place.
 C = Inter-level travel time spent in this place.
 D = Time resting spent in this place.
 E = Time spent auto-exploring this place.
 F = Levels seen in this place.
 G = Mean time per level.
                   A        B        C        D        E       F      G
               +--------+--------+--------+--------+--------+-----+--------+
         Total |   4155 |   3958 |    197 |      0 |   3312 |   6 |  692.5 |
       Dungeon |   4090 |   3954 |    136 |      0 |   3312 |   5 |  818.0 |
        Temple |     64 |      3 |     61 |      0 |      0 |   1 |   64.0 |
               +--------+--------+--------+--------+--------+-----+--------+

Top non-repeatable levels by time:
     D:3: 924 daAuts
     D:2: 914 daAuts
     D:1: 880 daAuts
     D:4: 832 daAuts
     D:5: 537 daAuts
  Temple: 64 daAuts
